 Dungeon Crawl Stone Soup version 0.26.0-18-gc5c842f807 (webtiles) character file.

Game seed: 6559977450824887476

190466 wormsofcant the Marksfrog (level 18, -2/150 (151) HPs)
             Began as a Barachi Berserker on Jan 24, 2021.
             Was a High Priest of Trog.
             Slain by a spectral swamp dragon (5 damage)
             ... called from beyond by a ghost crab
             ... while paralysed by a fenstrider witch
             ... on level 1 of the Swamp.
             The game lasted 01:03:30 (38184 turns).

wormsofcant the Marksfrog (Barachi Berserker)      Turns: 38184, Time: 01:03:31

HP:   -2/150 (151)  AC: 28    Str: 39    XL:     18   Next: 61%
MP:   0/18          EV:  2    Int:  8    God:    Trog [*****.]
Gold: 855           SH:  0    Dex: 13    Spells: 17/17 levels left

rFire    + . .     SeeInvis +   b - +8 longbow "Lytul" {venom, rN+}
rCold    x . .     Faith    .   (shield currently unavailable)
rNeg     + . .     Spirit   +   R - +3 chain mail
rPois    .         Reflect  .   B - +2 helmet {SInv}
rElec    .         Harm     .   f - +1 cloak
rCorr    .         Rampage  .   H - +1 pair of gloves
Will     +....                  U - +1 pair of boots
Stlth    ..........             v - amulet of guardian spirit
HPRegen  0.35/turn              S - +6 ring of strength
MPRegen  0.16/turn              s - ring of Balance {Fire *Contam Str+8}

@: paralysed, lethally poisoned (-2 -> -29), lightly drained, slow
A: +LOS, swims, slowness 1, strong legs 2
a: Hop, Renounce Religion, Berserk, Trog's Hand, Brothers in Arms


You were on level 1 of the Swamp.
You worshipped Trog.
Trog was extremely pleased with you.
You visited 6 branches of the dungeon, and saw 29 of its levels.
You also visited: Gauntlet.

You collected 2524 gold pieces.
You spent 1669 gold pieces at shops.

Inventory:

Hand Weapons
 a - the +11 great mace "Keofueps" {flame, +Rage}
   (Trog gifted it to you on level 5 of the Lair of Beasts)

   It has been specially enchanted to burn those struck by it, causing extra
   injury to most foes and up to half again as much damage against particularly
   susceptible opponents.
   It lets you go berserk.
 b - the +8 longbow "Lytul" (weapon) {venom, rN+}
   (You found it in a Gauntlet)

   It poisons the ammo it fires.
   It protects you from negative energy.
 e - a +2 lajatang of pain
 i - the +5 great mace "Vyqyfug" {vorpal, *Noise rF++ rC+ Dex+4}
   (Trog gifted it to you on level 1 of the Spider Nest)

   It inflicts extra damage upon your enemies.
   It affects your dexterity (+4).
   It greatly protects you from fire.
   It protects you from cold.
   It may make noises in combat.
 l - a +5 antimagic demon whip
Missiles
 k - 245 arrows (quivered ammo)
 F - 8 curare-tipped darts
 I - 2 throwing nets
Armour
 f - a +1 cloak (worn)
 B - a +2 helmet of see invisible (worn)
 H - a +1 pair of gloves (worn)
 R - a +3 chain mail (worn)
 U - a +1 pair of boots (worn)
Jewellery
 g - an uncursed ring of poison resistance
 s - the ring of Balance (right hand) {Fire *Contam Str+8}
   (You found it on level 11 of the Dungeon)

   [ring of fire]

   It enhances your fire magic.
   It affects your strength (+8).
   It protects you from fire.
   It makes you vulnerable to cold.
   It causes magical contamination when unequipped.
 v - an amulet of guardian spirit (around neck)
 D - an uncursed ring of resist corrosion
 S - a +6 ring of strength (left hand)
 Z - an uncursed ring of magical power
Wands
 p - a wand of acid (15)
 w - a wand of digging (21)
 y - a wand of iceblast (15)
 K - a wand of flame (98)
 M - a wand of disintegration (58)
 Q - a wand of enslavement (5)
 V - a wand of paralysis (11)
 X - a wand of polymorph (28)
Scrolls
 h - 11 scrolls of teleportation
 m - 4 scrolls of blinking
 r - 7 scrolls of remove curse
 t - 2 scrolls of fear
 C - 3 scrolls of fog
 E - 7 scrolls of magic mapping
 L - 2 scrolls of summoning
 Y - a scroll of vulnerability
Potions
 c - 7 potions of ambrosia
 d - 6 potions of might
 o - 12 potions of curing
 q - 7 potions of flight
 u - 4 potions of heal wounds
 x - 2 potions of cancellation
 z - 3 potions of magic
 J - 4 potions of attraction
 N - 3 potions of lignification
 O - a potion of mutation
 P - 7 potions of haste
 T - 3 potions of resistance
Miscellaneous
 j - a lightning rod (4/4)
 n - a box of beasts
 G - a phantom mirror
 W - a tin of tremorstones (2/2)


   Skills:
 - Level 16.0 Fighting
 + Level 16.2 Maces & Flails
 * Level 16.2 Bows
 - Level 16.0 Armour
 - Level 8.0 Dodging
 - Level 12.0 Evocations


You had 17 spell levels left.
You didn't know any spells.
Your spell library was empty.

Dungeon Overview and Level Annotations

Branches:
Dungeon (15/15) Temple (1/1) D:4 Lair (6/6) D:9 Swamp (1/4) Lair:2 Spider (4/4) Lair:3 Slime (0/5) Lair:5 Orc (2/2) D:10 Elf (0/3) Orc:2 Vaults (0/5) D:13 D:14 Gauntlet (visited) Depths: D:15

Altars:
Ashenzari
Cheibriados
Dithmenos
Fedhas
Makhleb
Nemelex Xobeh
Okawaru
Qazlal
Ru
Trog
Vehumet
Wu Jian
Xom
Zin
Beogh
Jiyva

Shops:
D:10 *   D:13 *[=!   Orc:2 [(!}[

Portals:
Trove: D:15 (show slimy rune of Zot)

Annotations:
D:6 exclusions: electric eel and 1 more exclusion
D:15 exclusion: door
Lair:4 3 runed translucent doors, Hiywul's ghost, journeyman MiHu
Spider:4 exclusion: 2 doors


Innate Abilities, Weirdness & Mutations

You can be seen from farther away. (+LOS)
You can swim through water.
You cover ground slowly.
You can hop long distances.


Message History

The spectral swamp dragon bites you but does no damage.
The spectral swamp dragon barely misses you.
The spectral swamp dragon tramples you but does no damage.
The spectral spriggan druid hits you but does no damage.
You are engulfed in spectral mist.
* * * LOW HITPOINT WARNING * * *
You feel very sick.
Your troll is engulfed in spectral mist.
Your troll bites the thorn hunter!
The thorn hunter is destroyed!
Trog accepts your kill.
The fenstrider witch is engulfed in spectral mist.
The fenstrider witch hits you!
* * * LOW HITPOINT WARNING * * *
The fenstrider witch barely misses you.
The ghost crab bites you but does no damage.
The ghost crab claws you but does no damage.
The spectral swamp dragon bites you but does no damage.
The spectral swamp dragon claws you.
You die... ..≈ ♣P.PPPPP

(.♣♣.≈≈≈≈♣♣w
♣♣(≈♣.≈≈≈.PP.
♣§♣)..≈≈≈.♣
♣§≈§...)≈♣ ♣≈((.♣
♣♣).T.♣
♣(♣§ZZ♣♣♣♣♣♣♣♣♣♣♣
♣♣♣°♣§≈Z@.♣.≈≈.(^≈.♣
§≈....☼tH§♣.≈≈≈.≈≈..
≈≈≈.§..☼≈≈..≈≈≈≈....≈
.≈≈≈.≈♣♣≈.≈..≈≈(♣♣(.♣
..≈k.. ♣♣♣♣♣...≈≈((≈♣
♣...≈≈ ♣♣†)≈(≈((..§
....≈ ♣<♣♣♣♣$....≈
≈....≈≈.((≈♣ ♣≈.≈≈.
♣♣.≈≈§≈≈≈( .≈≈≈≈


You could see a fenstrider witch, a ghost crab, a spectral four-headed hydra
(summoned), a spectral swamp dragon (summoned), a spectral spriggan druid
(summoned), a swamp drake and a friendly troll (summoned, berserk).

Vanquished Creatures
  Rupert (D:12)
  2 ghost moths
  4 entropy weavers
  A bunyip (Swamp:1)
  5 dire elephants (Lair:6)
  3 spark wasps
  2 eleionomae (Swamp:1)
  A boulder beetle (D:15)
  10 hydras
  A catoblepas (D:14)
  4 centaur warriors
  An anaconda (Lair:6)
  An ogre mage (D:13)
  6 two-headed ogres
  11 death yaks
  3 orc high priests
  Urug (Lair:1)
  5 skeletal warriors (D:15)
  A goliath frog (Swamp:1)
  A wizard (D:15)
  A bog body (Swamp:1)
  A lindwurm (Lair:6)
  5 orc sorcerers
  19 orb spiders
  4 deep elf magi
  5 orc knights
  A necromancer (Gauntlet)
  A will-o-the-wisp (Swamp:1)
  12 ugly things
  3 moths of wrath
  3 cyclopes
  6 manticores
  2 oklob plants (Lair:4)
  6 elephants (Lair:6)
  19 wolf spiders
  An elephant (shapeshifter) (Gauntlet)
  8 black mambas
  An eye of devastation (Gauntlet)
  A naga mage (D:15)
  15 cane toads
  3 gargoyles
  3 rime drakes
  2 efreet
  A kobold demonologist (D:13)
  13 demonic crawlers
  9 komodo dragons
  33 jumping spiders
  6 trolls
  A wind drake (shapeshifter) (Gauntlet)
  A jumping spider (shapeshifter) (D:15)
  A bloated husk (Swamp:1)
  4 polar bears
  Prince Ribbit (D:9)
  A hornet (Swamp:1)
  2 queen bees
  23 blink frogs
  6 slime creatures (D:11)
  A tyrant leech (Swamp:1)
  20 dream sheep
  A meliai zombie (D:10)
  3 spriggans
  2 centaur simulacra (D:14)
  10 flying skulls (Gauntlet)
  A tarantella (shapeshifter) (D:12)
  2 wraiths (D:12)
  2 shadows
  A vampire (D:11)
  36 yaks
  39 tarantellas
  52 redbacks
  3 wyverns
  12 humans (D:14)
  4 basilisks
  2 steam dragons
  2 wargs (Orc:2)
  4 swamp worms (Lair:2)
  Menkaure (D:4)
  3 acid dragons
  A floating eye (Gauntlet)
  17 water moccasins
  Duvessa (D:5)
  A swamp drake (Swamp:1)
  A sky beast (D:12)
  27 orc warriors
  3 ice beasts
  4 black bears
  4 phantoms
  A necrophage (D:10)
  16 wolves
  12 centaurs
  16 ogres
  5 big kobolds
  Blork the orc (D:4)
  A wyvern zombie (D:9)
  28 bullfrogs
  2 gnoll sergeants (D:10)
  A water moccasin zombie (D:8)
  4 scorpions
  A water moccasin skeleton (D:11)
  A wyvern skeleton (D:13)
  Dowan (D:5)
  47 killer bees
  2 electric eels
  A howler monkey (D:6)
  2 bullfrog zombies
  3 centaur zombies
  6 hounds
  3 jellies
  25 orc priests
  A bullfrog skeleton (D:6)
  2 centaur skeletons
  15 orc wizards
  4 iguanas
  8 worker ants
  A hound zombie (D:5)
  A worker ant zombie (D:11)
  8 gnolls
  11 adders
  2 shadow imps
  2 white imps
  An ufetubus (D:6)
  2 oozes
  An adder skeleton (D:2)
  3 worms
  A dart slug (D:1)
  9 leopard geckos
  88 orcs
  10 bats
  6 giant cockroaches
  6 goblins (D:1)
  9 hobgoblins
  22 jackals
  23 kobolds
  2 quokkas
  5 ball pythons
  3 frilled lizards
  A jackal skeleton (D:4)
  A leopard gecko zombie (D:5)
  10 rats
985 creatures vanquished.

Vanquished Creatures (collateral kills)
  A thorn hunter (Swamp:1)
  A ghost moth (Spider:4)
  A stone giant (Orc:1)
  A minotaur (Gauntlet)
  An anaconda (shapeshifter) (Gauntlet)
  2 two-headed ogres
  Sonja (Orc:1)
  An orc knight (Orc:1)
  2 orb spiders (Spider:4)
  A wolf spider (Spider:4)
  5 ugly things (D:15)
  4 elephants (Lair:6)
  A cane toad (Lair:5)
  A minotaur zombie (Gauntlet)
  2 jumping spiders (Spider:4)
  A blink frog (Lair:6)
  3 dream sheep (Lair:6)
  3 flying skulls (Gauntlet)
  2 redbacks (Spider:4)
  4 humans (D:13)
  A water moccasin (D:13)
  3 orc warriors (Orc:1)
  3 orc wizards (Orc:1)
  4 orcs (Orc:1)
49 creatures vanquished.

Vanquished Creatures (others)
  A hornet (Swamp:1)
  An orc wizard (Orc:2)
  4 foxfires (Swamp:1)
  32 fungi
  60 plants
98 creatures vanquished.

Grand Total: 1132 creatures vanquished

Notes
Turn   | Place    | Note
-------+----------+-------------------------------------------
     0 | D:1      | wormsofcant the Barachi Berserker began the quest for the
                  | Orb.
     0 | D:1      | Reached XP level 1. HP: 18/18 MP: 1/1
   128 | D:1      | Reached XP level 2. HP: 24/24 MP: 2/2
   579 | D:1      | Reached XP level 3. HP: 29/29 MP: 3/3
   604 | D:1      | Reached ** piety under Trog
  1005 | D:1      | Reached skill level 5 in Maces & Flails
  1133 | D:2      | Reached XP level 4. HP: 36/36 MP: 4/4
  1643 | D:3      | Reached XP level 5. HP: 41/41 MP: 5/5
  1959 | D:3      | Reached *** piety under Trog
  1973 | D:3      | Reached XP level 6. HP: 34/47 MP: 6/6
  3235 | D:4      | Found a staircase to the Ecumenical Temple.
  3245 | Temple   | Entered the Ecumenical Temple
  3442 | D:4      | Found a burning altar of Makhleb.
  3465 | D:4      | Noticed Blork the orc
  3477 | D:4      | Killed Blork the orc
  3478 | D:4      | Reached XP level 7. HP: 52/52 MP: 7/7
  3502 | D:4      | Found an ornate altar of the Wu Jian Council.
  3506 | D:4      | Noticed Menkaure
  3520 | D:4      | Killed Menkaure
  4303 | D:5      | Entered Level 5 of the Dungeon
  4317 | D:5      | Reached skill level 10 in Maces & Flails
  4415 | D:5      | Noticed Dowan
  4416 | D:5      | Noticed Duvessa
  4481 | D:4      | Reached XP level 8. HP: 32/60 MP: 8/8
  4668 | D:5      | Killed Dowan
  4676 | D:5      | Killed Duvessa
  5043 | D:5      | Reached **** piety under Trog
  5054 | D:5      | Reached skill level 5 in Armour
  5269 | D:5      | Reached skill level 5 in Fighting
  5643 | D:5      | Reached XP level 9. HP: 42/71 MP: 9/9
  7161 | D:7      | Reached skill level 1 in Evocations
  7292 | D:7      | Found a sparkling altar of Nemelex Xobeh.
  7376 | D:7      | Found a broken altar of Ashenzari.
  7696 | D:7      | Found a blossoming altar of Fedhas.
  7787 | D:8      | Reached skill level 5 in Dodging
  7997 | D:8      | Reached XP level 10. HP: 76/80 MP: 10/10
  8390 | D:8      | Reached ***** piety under Trog
  8844 | D:9      | Found a snail-covered altar of Cheibriados.
  8913 | D:9      | Found a radiant altar of Vehumet.
  9147 | D:9      | Noticed a manticore
  9161 | D:9      | Killed a manticore
  9162 | D:9      | Reached skill level 5 in Evocations
  9315 | D:9      | Found a staircase to the Lair.
  9335 | D:9      | Found a sacrificial altar of Ru.
  9387 | D:9      | Noticed Prince Ribbit
  9393 | D:9      | Killed Prince Ribbit
  9481 | D:9      | Found an iron altar of Okawaru.
  9483 | D:9      | Found a bloodstained altar of Trog.
  9483 | D:9      | Found a sacrificial altar of Ru.
  9554 | D:10     | Entered Level 10 of the Dungeon
  9606 | D:10     | Found Biqutweb's General Store.
  9623 | D:10     | Bought a scroll of identify for 30 gold pieces
  9623 | D:10     | Bought a potion of curing for 45 gold pieces
  9623 | D:10     | Bought a potion of degeneration for 15 gold pieces
 10016 | D:10     | Identified the +0 falchion of Gravity {chaos, rF+ Str-2
                  | Int+4 Dex+3}
 10166 | D:10     | Reached XP level 11. HP: 81/86 MP: 11/11
 10554 | D:10     | Found a staircase to the Orcish Mines.
 10949 | D:10     | Received a gift from Trog
 11422 | Lair:1   | Entered Level 1 of the Lair of Beasts
 11730 | Lair:1   | Noticed a death yak
 11730 | Lair:1   | Noticed a death yak
 11754 | Lair:1   | Killed a death yak
 11755 | Lair:1   | Reached skill level 10 in Armour
 12117 | Lair:1   | Killed a death yak
 12325 | Lair:1   | Reached XP level 12. HP: 75/94 MP: 12/12
 12433 | Lair:1   | Noticed Urug
 12453 | Lair:1   | Killed Urug
 13064 | Lair:1   | Noticed a death yak
 13065 | Lair:1   | Noticed a death yak
 13066 | Lair:1   | Noticed a death yak
 13084 | Lair:1   | Killed a death yak
 13102 | Lair:1   | Killed a death yak
 13475 | Lair:1   | Killed a death yak
 13666 | Lair:2   | Reached skill level 5 in Bows
 13728 | Lair:2   | Found a gate leading to a gauntlet.
 13758 | Gauntlet | Entered a Gauntlet
 13758 | Gauntlet | Found a transporter.
 13760 | Gauntlet | Found a transporter.
 13767 | Gauntlet | Found a transporter.
 13768 | Gauntlet | Found a transporter.
 13776 | Gauntlet | Found a transporter.
 13779 | Gauntlet | Found a transporter.
 13780 | Gauntlet | Found a transporter.
 13788 | Gauntlet | Found a transporter.
 13791 | Gauntlet | Found a transporter.
 13792 | Gauntlet | Found a transporter.
 13800 | Gauntlet | Found a transporter.
 13803 | Gauntlet | Found a transporter.
 13804 | Gauntlet | Found a transporter.
 13808 | Gauntlet | Found a runed translucent door.
 13808 | Gauntlet | Found a runed translucent door.
 13813 | Gauntlet | Found a transporter.
 14219 | Gauntlet | Reached skill level 10 in Fighting
 14415 | Gauntlet | Noticed an anaconda
 14415 | Gauntlet | a faun changed into an anaconda
 14416 | Gauntlet | Noticed a fire dragon
 14416 | Gauntlet | an anaconda changed into a fire dragon
 14422 | Gauntlet | Noticed an anaconda
 14424 | Gauntlet | an anaconda changed into a slime creature
 14441 | Gauntlet | Noticed a minotaur
 14441 | Gauntlet | a goliath frog changed into a minotaur
 14450 | Gauntlet | Noticed a storm dragon
 14450 | Gauntlet | a minotaur changed into a storm dragon
 14463 | Gauntlet | Noticed a queen ant
 14463 | Gauntlet | a storm dragon changed into a queen ant
 14465 | Gauntlet | Noticed a great orb of eyes
 14465 | Gauntlet | a queen ant changed into a great orb of eyes
 14473 | Gauntlet | Noticed a satyr
 14473 | Gauntlet | a great orb of eyes changed into a satyr
 14475 | Gauntlet | a satyr changed into a goliath frog
 14477 | Gauntlet | Noticed an anaconda
 14477 | Gauntlet | a goliath frog changed into an anaconda
 14478 | Gauntlet | Killed an anaconda
 14924 | Gauntlet | Noticed a minotaur
 14934 | Gauntlet | Killed a minotaur
 14961 | Gauntlet | Got an iridescent demon trident
 14970 | Gauntlet | Got a slimy longbow
 14970 | Gauntlet | Got a transparent trident
 14976 | Gauntlet | Got a masterwork hand axe
 15087 | Lair:2   | Gained mutation: You can hop long distances. [Barachi
                  | growth]
 15087 | Lair:2   | Reached XP level 13. HP: 106/106 MP: 13/13
 15104 | Lair:2   | Identified the +8 longbow "Lytul" {venom, rN+} (You found
                  | it in a Gauntlet)
 15105 | Lair:2   | nice
 15105 | Lair:2   | Identified the +3 trident "Resuosumm" {vorpal, +Blink Int+3
                  | Dex+3} (You found it in a Gauntlet)
 15107 | Lair:2   | Identified the +12 demon trident of the Smoking Seer {pain,
                  | rN++ Str+2} (You found it in a Gauntlet)
 15108 | Lair:2   | nice
 15109 | Lair:2   | Identified the +2 hand axe "Zeowk" {holy, +Fly Str-3 Dex+8
                  | Stlth+} (You found it in a Gauntlet)
 15924 | Lair:3   | Reached skill level 10 in Bows
 16509 | Lair:3   | Found a hole to the Spider Nest.
 17988 | Lair:4   | Found a runed translucent gate.
 17989 | Lair:4   | Found a runed translucent gate.
 17995 | Lair:4   | Found a runed translucent gate.
 18273 | Lair:4   | Reached XP level 14. HP: 112/115 MP: 12/14
 18404 | Lair:4   | Noticed Hiywul's ghost (journeyman MiHu)
 18840 | Lair:5   | Received a gift from Trog
 19025 | Lair:5   | Found a staircase to the Slime Pits.
 19025 | Lair:5   | Found a viscous altar of Jiyva.
 19414 | Lair:6   | Entered Level 6 of the Lair of Beasts
 20639 | Lair:6   | Reached skill level 15 in Bows
 22664 | D:11     | Reached XP level 15. HP: 100/120 MP: 15/15
 22846 | D:11     | Received a gift from Trog
 23473 | D:11     | Got a slimy bone ring
 23841 | Lair:5   | Got a faintly glowing great mace {god gift}
 23842 | Lair:5   | Identified the +11 great mace "Keofueps" {flame, +Rage}
                  | (Trog gifted it to you on level 5 of the Lair of Beasts)
 23843 | Lair:5   | nice
 24165 | D:12     | Noticed Rupert
 24174 | D:12     | Killed Rupert
 24359 | D:12     | Found a stormy altar of Qazlal.
 25266 | D:13     | Found Guituhew's Assorted Antiques.
 25274 | D:13     | Bought a potion of curing for 105 gold pieces
 25274 | D:13     | Bought a potion of heal wounds for 175 gold pieces
 25274 | D:13     | Bought a scroll of teleportation for 105 gold pieces
 25274 | D:13     | Bought a potion of magic for 280 gold pieces
 25274 | D:13     | Bought a scroll of enchant armour for 262 gold pieces
 25274 | D:13     | Bought a gilded ring for 175 gold pieces
 25276 | D:13     | Identified the ring of Balance {Fire *Contam Str+8} (You
                  | found it on level 11 of the Dungeon)
 25277 | D:13     | hmmmmmm
 25372 | D:13     | Found Evviqaco's Jewellery Shop.
 25670 | D:13     | Found Otuhath's Distillery.
 25756 | D:13     | Bought a potion of might for 52 gold pieces
 25903 | D:13     | Found Bytol's Armour Shop.
 25908 | D:13     | dang nice
 25917 | D:14     | Found a gate to the Vaults.
 26308 | D:14     | Reached skill level 15 in Maces & Flails
 26327 | D:14     | Reached XP level 16. HP: 127/127 MP: 16/16
 26522 | D:14     | Received a gift from Trog
 26913 | D:14     | Found a roughly hewn altar of Beogh.
 27120 | D:15     | Entered Level 15 of the Dungeon
 27937 | D:15     | Reached XP level 17. HP: 115/136 MP: 14/17
 28337 | D:15     | Found a portal to a secret trove of treasure.
 28600 | Orc:1    | Entered Level 1 of the Orcish Mines
 28740 | Orc:1    | Noticed Sonja
 28742 | Orc:1    | Killed Sonja
 29121 | Orc:2    | Entered Level 2 of the Orcish Mines
 29121 | Orc:2    | Found a staircase to the Elven Halls.
 29122 | Orc:2    | lol nice
 29555 | Orc:2    | Received a gift from Trog
 30460 | Orc:2    | lol nice
 30460 | Orc:2    | marked next to the end vault
 30489 | Orc:2    | Found Xeudgh's Gadget Boutique.
 30489 | Orc:2    | Found Luxzadab's Antique Armour Boutique.
 30493 | Orc:2    | Found Naesopop's Antique Weapon Shoppe.
 30495 | Orc:2    | Found Cuingypt's Distillery.
 30516 | Orc:2    | Bought a potion of heal wounds for 85 gold pieces
 30516 | Orc:2    | Bought a potion of resistance for 170 gold pieces
 30516 | Orc:2    | Bought a potion of haste for 170 gold pieces
 30765 | Orc:2    | Found Uckacef's Armour Boutique.
 31990 | Lair:6   | Identified the Handbook of Fire and Feathers
 32134 | Spider:1 | Entered Level 1 of the Spider Nest
 32457 | Spider:1 | Received a gift from Trog
 32460 | Spider:1 | Got a jewelled great mace {god gift}
 32461 | Spider:1 | Identified the +5 great mace "Vyqyfug" {vorpal, *Noise rF++
                  | rC+ Dex+4} (Trog gifted it to you on level 1 of the Spider
                  | Nest)
 33336 | Spider:1 | Reached skill level 15 in Fighting
 33336 | Spider:1 | Reached skill level 15 in Armour
 34803 | Spider:2 | Received a gift from Trog
 35501 | Spider:3 | Reached XP level 18. HP: 116/151 MP: 15/18
 36575 | Spider:4 | Entered Level 4 of the Spider Nest
 36665 | Spider:4 | Reached ****** piety under Trog
 36667 | Spider:4 | Received a gift from Trog
 36795 | Spider:4 | Reached skill level 10 in Evocations
 37546 | Spider:4 | Identified the Volume of Beguiling and Creation
 38062 | Lair:2   | Found a staircase to the Swamp.
 38080 | Swamp:1  | Entered Level 1 of the Swamp
 38142 | Swamp:1  | Received a gift from Trog
 38179 | Swamp:1  | Paralysed by a fenstrider witch for 6 turns
 38184 | Swamp:1  | HP: 3/150 [fenstrider witch (6)]
 38184 | Swamp:1  | Slain by a spectral swamp dragon

Illustrated notes #......# **,,, #......# *,,,, ##......## *,,,, ##........# **,,, #........## **,,,, ***##........# ####*##**#***,,,,* **,#........####.P#P.#...**,,,,** ,,,...............P......,,,,,** ,,,........†....@........,,,,,,* ,,,......................,,,**** ,,,......................,,** ***#........###.P.#.#.)..*** * #........# ###.##.####* #........# *##*## ##.......# #.......# *#.......** Turn 15105 on Lair:2: nice #......# **,,, #......# *,,,, ##......## *,,,, ##........# **,,, #........## **,,,, ***##........# ####*##**#***,,,,* **,#........####.P#P.#...**,,,,** ,,,...............P......,,,,,** ,,,........†....@........,,,,,,* ,,,......................,,,**** ,,,......................,,** ***#........###.P.#.#.)..*** * #........# ###.##.####* #........# *##*## ##.......# #.......# *#.......** Turn 15108 on Lair:2: nice

...#P.###P............###
......##...........#.#.#
.......#.......#..).####
......#...........###
...#.#####P......P###
.....# ####......#.##
.....# #............#
.....# #...##...P...#
.....# #....#..@#...###
....P# #...#..........#
.....## ##............##
......# #.#............#
####### .....##
##....#......#####..#..#
...#.#
##...##.........#.#...P#
..####
#..............###....##
..#.##
#....#........###......##
.....#
##.......#..............P


Turn 23843 on Lair:5: nice ### # .. .# #.#####.# #.......### #..#......
#.@#.##.# ##......<# # ........#..#.# .# ... #####.#.#....##.# #...
#.#.........# #... #.###.....### #... # ####..# #... #..#######... #..#.........
Turn 25277 on D:13: hmmmmmm ######....##.###### #.................#
#.####.......####.# ##.# #.#####.# #.# #..# #......[# #.# #.#######)...## #.#
#.#≈≈≈≈≈#....#####.### #.#≈#.#≈#....##....... #.#≈.@..'....##.##.##.
#.#≈#.#≈#....##.##.##. ##.#≈≈≈≈≈#.......##.##. #..#######...###.##.##.
#.......#.....##....... ####### #.##.##.#)..>.....#.### ......#
#.##..........##∩.#.# #####.#####.#####.##........).# #
#.......#####...........### # Turn 25908 on D:13: dang nice ....#..... ....#
#...#.......#..#. #................ ..>............. ......#.......
............. o. #..........# .....#........... ........@........
.o...#........... .. .............. #########...... o..... ..... .o.. .... ...
Turn 29122 on Orc:2: lol nice #....#..........#. #...#......(#..#.
##.........(...(.. ##...>............. # ##..........#....... #.
##.#................. ##.##........#).........# .............#..[[.......
#......@.....)[<)))..... #......)...)#..)........ #......))........)......
######.###########...... #. #...... .. #...... ##. #...... #. #...... #( #..#..(
Turn 30460 on Orc:2: lol nice

Levels and vault maps discovered:
D:1:      heliophobic_arrival_ceremonial_halls, layout_loops_ring,
          serial_forest, infiniplex_forest_clump_tiny,
          infiniplex_forest_zigzag_1, infiniplex_forest_clump_diagonal,
          infiniplex_forest_end_2, infiniplex_forest_straight_1,
          infiniplex_forest_corner_1, infiniplex_forest_corner_1,
          infiniplex_forest_diagonal
D:2:      layout_basic
D:3:      layout_rooms
D:4:      layout_gridville, lemuel_crystal_altar,
          minmay_temple_entry_butterflies, bloody_makhleb, uniq_menkaure,
          uniq_blork_the_orc
D:5:      layout_basic, lexackson_kobold_supper, uniq_duvessa
D:6:      layout_rooms, lightli_minifort
D:7:      layout_layer_cave, evilmike_ruin_ashenzari,
          nicolae_overflow_crystal_walls, kennysheep_mini_moat,
          minmay_manual_monstrance
D:8:      layout_basic, kennysheep_generic_room_10
D:9:      layout_loops_ring, lemuel_doored_altar, overflow_temple_1_default,
          gammafunk_temple_overflow_forgotten, lair_entry_dummy, basic_altar,
          uniq_prince_ribbit1
D:10:     layout_long_grid, kennysheep_orc_monster_closet_entryway,
          serial_shops, shop
D:11:     layout_small_grid, minmay_bent
D:12:     layout_irregular_city, nicolae_qazlal_style_of_elements, uniq_rupert
D:13:     layout_loops_cross, serial_shops, shop, shop, kennysheep_little_box,
          shop_fountains
D:14:     layout_basic, david_vaults_3, minivault_19, david_defended_altar_orc
D:15:     grunt_enter_depths_magical_seal, layout_basic, dk_noncrumbling_4,
          nicolae_trove_entry_crystal
Temple:   cyrus_circular_temple
Lair:1:   layout_cave_pods, infiniplex_staircase_pool, uniq_urug
Lair:2:   layout_hall_layers, palyth_hydra_swamp_entry, special_room
          [special_room_bee], gauntlet_entry_generic, lemuel_fruit_fields
Lair:3:   layout_gridlike, spider_nest_entry_a, st_stairs_12,
          serial_bayou_shore_a, infiniplex_staircase_pool_2
Lair:4:   dpeg_oklob_gauntlet, layout_long_grid, gammafunk_ghost_icy,
          grunt_forest_stairs_clearing
Lair:5:   layout_cave_shapes, slime_altar_1
Lair:6:   due_jungle_book, layout_regular_city, serial_bayou_shore_b
Swamp:1:  layout_basic_swamp, evilmike_swamp_ruin_house_1, swamp_pool3
Spider:1: layout_spider_delve
Spider:2: cheibrodos_forgotten_conduit
Spider:3: layout_spider_delve
Spider:4: spider_rune_water, nicolae_spider_cling_ruins
Orc:1:    layout_diamond_mine, uniq_sonja
Orc:2:    st_orc_elflike, layout_caves, serial_shops, shop

Skill      XL: |  1  2  3  4  5  6  7  8  9 10 11 12 13 14 15 16 17 18 |
---------------+-------------------------------------------------------+-----
Maces & Flails | 4 5 6 7 8 10 11 12 15 16 | 16.2
Fighting       | 4 6 8 11 12 13 15 16 | 16.0
Armour         | 6 8 12 13 15 16 | 16.0
Dodging        | 6 8 |  8.0
Evocations     | 3 8 12 | 12.0
Bows           | 8 12 15 16 | 16.2

Action                   |  1- 3 |  4- 6 |  7- 9 | 10-12 | 13-15 | 16-18 || total
-------------------------+-------+-------+-------+-------+-------+-------++-------
Melee: Mace              |   116 |   250 |   164 |       |       |       ||   530
       Dire flail        |       |       |    63 |    80 |    11 |       ||   154
       Whip              |       |       |   191 |   620 |     7 |       ||   818
       Great mace        |       |       |       |       |    56 |   129 ||   185
       Longbow           |       |       |       |       |       |     1 ||     1
 Fire: Longbow           |       |       |       |       |   836 |   794 ||  1630
Throw: Dart              |       |       |       |     4 |       |       ||     4
Invok: Berserk           |       |     2 |     6 |    12 |     1 |     4 ||    25
       Trog's Hand       |       |       |     2 |     3 |     5 |     3 ||    13
       Brothers in Arms  |       |       |       |     3 |     4 |     5 ||    12
 Abil: Hop               |       |       |       |     2 |     6 |     1 ||     9
Evoke: Wand              |       |       |       |     1 |       |     1 ||     2
  Use: Scroll            |       |     7 |     8 |    13 |     9 |    11 ||    48
       Potion            |       |       |       |     4 |     1 |     4 ||     9
Armor: Chain mail        |    94 |   154 |   150 |   150 |       |   368 ||   916
       Animal skin       |     2 |       |       |       |       |       ||     2
       Scale mail        |       |       |       |    52 |   308 |    85 ||   445
Dodge: Dodged            |    78 |   129 |   150 |   219 |   464 |   547 ||  1587
Block: Buckler           |       |     5 |       |       |       |       ||     5
       Kite shield       |       |    48 |   119 |   161 |     2 |       ||   330
